Map: Ascension to Aiur LE

Players

iaguz

  • Race: Terran Terran
  • Spawn Location: 5:00

Stephano - Winner!

  • Race: Zerg Zerg
  • Spawn Location: 11:00

Event: WCS Valencia 2017

VOD

Have the link to the VOD?

Description

Time

  • Played on: July 13, 2017, 3:01 p.m.
  • Length: 15:37

All games in this series

Show
View Real Time Build Order
Export as new Build Order

iaguz Terran 

Build Orders: MMM Bio 

Get SALT Encoding   

  12  0:00  SCV  
  13  0:12  SCV  
  14  0:17  Supply Depot  
  14  0:24  SCV  
  15  0:38  SCV  
  15  0:41  Barracks  
  16  0:44  Refinery  
  16  0:50  SCV  
  17  0:59  Barracks  
  17  1:03  SCV  
  18  1:15  SCV  
  19  1:28  Orbital Command, Reaper  
  20  1:35  Barracks  
  20  1:40  Refinery  
  20  1:47  Reaper  
  21  1:53  Supply Depot  
  21  1:57  SCV  
  22  2:04  Reaper  
  23  2:14  SCV  
  24  2:19  Reaper  
  25  2:25  Reaper  
  25  2:27  SCV  
  27  2:32  Supply Depot  
  27  2:36  Reaper  
  28  2:39  SCV  
  29  2:51  SCV, Reaper  
  31  2:57  Reaper  
  32  2:59  Command Center  
  32  3:04  SCV  
  33  3:08  Supply Depot  
  33  3:10  Reaper  
  34  3:17  SCV  
  35  3:26  Reaper  
  36  3:29  SCV  
  37  3:41  SCV  
  38  3:44  Barracks Tech Lab  
  38  3:46  Barracks Tech Lab  
  38  3:48  Command Center  
  37  3:53  SCV  
  38  4:01  Barracks Reactor  
  38  4:03  Marine  
  38  4:05  Stimpack, SCV  
  41  4:17  SCV  
  41  4:23  Marine x2  
  41  4:24  Combat Shields  
  40  4:26  Orbital Command  
  40  4:29  SCV  
  40  4:36  Factory  
  40  4:41  Marine x3  
  40  4:42  SCV  
  44  4:52  Engineering Bay  
  43  4:54  SCV, Engineering Bay  
  43  4:56  SCV  
  43  4:59  Marine x2  
  47  5:06  SCV  
  49  5:07  Orbital Command  
  49  5:12  Marine x2  
  49  5:14  SCV  
  49  5:16  Marine  
  50  5:25  Factory Reactor  
  50  5:26  Terran Infantry Weapons Level 1  
  50  5:27  Starport  
  50  5:28  Terran Infantry Armor Level 1  
  48  5:31  SCV x2  
  48  5:33  SCV  
  48  5:34  Marine x4  
  55  5:43  SCV  
  55  5:46  SCV x2, Refinery x2, Supply Depot  
  58  5:53  Orbital Command, Barracks  
  58  5:55  SCV  
  58  5:56  Barracks  
  59  5:58  SCV  
  59  6:00  Marine x3  
  59  6:01  Marine  
  64  6:08  SCV  
  64  6:10  SCV  
  64  6:11  Medivac  
  68  6:12  Factory Reactor  
  68  6:13  Medivac  
  68  6:18  Marine x2  
  70  6:19  SCV  
  70  6:20  SCV  
  70  6:22  SCV, Marine x2  
  70  6:25  Armory  
  77  6:31  SCV  
  77  6:32  SCV  
  79  6:36  Marine x2  
  79  6:37  SCV, Supply Depot  
  79  6:38  Supply Depot  
  82  6:40  Marine  
  82  6:43  SCV  
  82  6:44  SCV, Supply Depot  
  85  6:56  Barracks Reactor x2  
  85  6:58  Marine x2, Medivac x2, SCV x2  
  85  7:00  Marine x2  
  99  7:05  SCV  
  99  7:07  Supply Depot  
  96  7:09  Supply Depot  
  96  7:10  SCV x2  
  96  7:13  Factory Tech Lab  
  98  7:16  Marine x2  
  98  7:17  SCV  
  98  7:18  Marine x2  
  103  7:23  SCV x2  
  105  7:33  Marine  
  105  7:34  Siege Tank, Marine x5  
  105  7:35  SCV x3  
  105  7:36  Refinery, Terran Infantry Weapons Level 2  
  117  7:37  Refinery  
  117  7:49  SCV  
  117  7:50  SCV x2  
  120  7:53  Terran Infantry Armor Level 2  
  120  7:55  Supply Depot x2  
  120  7:56  Supply Depot  
  120  8:00  Factory  
  120  8:03  Marine x5  
  120  8:04  Liberator x2  
  125  8:16  Marine x3  
  125  8:19  Siege Tank  
  131  8:20  Marine  
  131  8:21  Marine x3  
  131  8:24  Supply Depot  
  141  8:27  Supply Depot  
  141  8:29  Marine  
  141  8:34  Marine x3, Barracks  
  142  8:38  Marine  
  145  8:42  Marine x3  
  145  8:46  Factory Tech Lab  
  145  8:47  Marine  
  149  8:49  Liberator  
  149  8:51  Barracks  
  150  8:57  Marine x2  
  150  8:58  Siege Tank, Marine x2  
  150  9:00  Command Center  
  150  9:02  Marine x2  
  159  9:21  Siege Tank  
  159  9:23  Marine  
  165  9:24  Marauder  
  165  9:29  Barracks Tech Lab  
  165  9:32  Supply Depot x3  
  165  9:34  Marauder, Marine x5  
  172  9:42  Terran Vehicle Weapons Level 1  
  172  9:43  Starport  
  172  9:47  Concussive Shells  
  172  9:48  Barracks Tech Lab  
  172  9:53  Siege Tank, Medivac  
  172  9:54  Marine  
  172  9:55  Marauder x2, Marine x3  
  165  10:06  Marauder, Marine x2  
  169  10:08  Unknown x2  
  169  10:09  Unknown x2, Medivac  
  169  10:12  Marine x2  
  169  10:13  Marine  
  172  10:16  Marine  
  176  10:23  Marine  
  176  10:24  Marine  
  180  10:35  Terran Infantry Weapons Level 3, Terran Infantry Armor Level 3  
  175  10:40  Starport Reactor  
  175  10:42  Marine x3  
  178  10:45  Barracks  
  178  10:55  Marauder, Marine x2  
  173  11:01  Marine x2  
  173  11:02  Liberator  
  173  11:03  Marine x2  
  124  11:07  Siege Tank x2  
  129  11:13  Marine x2  
  129  11:19  Medivac x2  
  129  11:23  Planetary Fortress  
  134  11:26  Marine x2  
  134  11:27  Marauder  
  134  11:31  Liberator  
  138  11:35  Marauder, Marine  
  138  11:37  Liberator x2  
  138  11:38  Marine  
  138  11:39  Unknown  
  144  11:41  Unknown  
  144  11:43  Marine  
  144  11:44  Marine x3  
  148  11:47  Siege Tank  
  148  11:48  Liberator, Marauder  
  148  11:49  Siege Tank  
  148  11:53  Marine  
  161  11:56  Marauder, Marine x2  
  168  12:01  Marine  
  172  12:09  Marauder  
  172  12:12  Marine x2  
  172  12:14  Marauder  
  172  12:15  Command Center  
  178  12:16  Marine x2  
  178  12:17  Liberator, Marine  
  178  12:19  Liberator, Marine  
  178  12:20  Siege Tank  
  171  12:23  Siege Tank  
  171  12:29  Marine  
  171  12:30  Marine  
  171  12:31  Marauder  
  171  12:34  Marine x2  
  171  12:36  Marine  
  171  12:37  Marauder, Liberator  
  174  12:40  Marine  
  174  12:41  Marauder  
  165  12:47  Marine x2  
  165  12:49  Liberator  
  164  12:52  Siege Tank, Marine x2  
  164  12:53  Marauder  
  174  13:02  Refinery x2  
  174  13:07  Siege Tank  
  174  13:08  Marauder, Marine x4  
  174  13:10  Marine x2  
  174  13:11  Marauder  
  190  13:19  Marauder  
  189  13:20  Medivac  
  189  13:25  Medivac  
  189  13:26  Marine x4  
  197  13:28  Marine  
  197  13:30  Marauder  
  197  13:31  Marine  
  200  13:53  Planetary Fortress  
  200  13:56  Command Center  
  200  13:57  Unknown x2  
  200  14:07  Liberator x2  
  200  14:09  Refinery  
  200  14:21  Liberator x2  
  200  14:22  Marine x2  
  200  14:23  Marauder x2, Marine x5  
  163  14:24  Siege Tank x2  
  127  14:40  Marine x2  
  127  14:41  Marine x4  
  127  14:43  Marine  
  127  14:44  Marauder  
  127  14:45  Marauder  
  120  14:58  Marine x4  
  120  14:59  Marine x2  
  96  15:02  Marauder  
  100  15:15  Marine  
  100  15:16  Marine  
Show
View Real Time Build Order
Export as new Build Order

Stephano Zerg - Winner!

Build Orders: Hatch First 

Get SALT Encoding   

  12  0:00  Drone  
  13  0:12  Overlord  
  13  0:17  Drone  
  14  0:31  Drone x2  
  14  0:34  Drone  
  17  0:52  Hatchery  
  17  0:54  Drone  
  17  0:57  Drone  
  18  1:08  Extractor  
  17  1:12  Spawning Pool  
  17  1:15  Drone  
  17  1:18  Drone  
  18  1:28  Drone  
  19  1:39  Overlord  
  19  1:50  Drone  
  20  1:59  Queen  
  20  2:00  Zergling x2  
  23  2:03  Queen  
  23  2:04  Zergling x2  
  26  2:11  Metabolic Boost, Drone  
  27  2:16  Drone  
  28  2:26  Drone x2  
  28  2:27  Extractor  
  29  2:34  Hatchery  
  29  2:40  Queen  
  31  2:45  Drone  
  31  2:48  Zergling x2  
  32  2:51  Zergling x4  
  32  2:55  Overlord  
  34  3:03  Zergling x2  
  35  3:08  Overlord  
  35  3:15  Zergling x12  
  35  3:19  Overlord  
  41  3:40  Drone x5  
  46  3:42  Queen, Drone  
  49  3:49  Queen  
  49  3:51  Drone  
  49  3:52  Drone  
  53  3:56  Drone x2  
  53  3:59  Drone  
  55  4:04  Zergling x2  
  55  4:05  Zergling x4  
  55  4:22  Drone x6  
  54  4:25  Drone  
  54  4:28  Drone  
  54  4:29  Queen, Drone x2  
  60  4:33  Overlord  
  60  4:37  Evolution Chamber  
  60  4:38  Evolution Chamber  
  58  4:43  Drone x2  
  60  4:50  Zergling x4  
  60  4:51  Overlord  
  60  4:52  Drone  
  63  4:55  Drone x2  
  63  4:56  Drone x2  
  63  4:57  Drone  
  63  4:58  Zergling x2  
  69  5:04  Zerg Ground Armor Level 1  
  69  5:07  Drone  
  69  5:11  Drone x4  
  69  5:12  Drone  
  74  5:15  Queen  
  74  5:22  Drone x2  
  74  5:25  Drone x2  
  74  5:26  Drone, Zerg Missile Weapons Level 1  
  74  5:27  Overlord  
  79  5:29  Extractor  
  79  5:30  Extractor  
  79  5:31  Extractor x2  
  79  5:32  Extractor  
  79  5:35  Queen  
  76  5:37  Zergling x10  
  81  5:43  Overlord x2  
  81  5:44  Drone  
  82  5:57  Hatchery  
  82  6:00  Baneling Nest  
  82  6:03  Drone x4  
  82  6:04  Drone  
  85  6:05  Lair  
  85  6:06  Drone x4  
  89  6:12  Zergling x4  
  89  6:13  Zergling x8  
  95  6:21  Queen  
  95  6:22  Overlord  
  95  6:24  Drone  
  95  6:25  Pneumatized Carapace, Overlord  
  98  6:32  Zergling x6  
  101  6:33  Zergling x4  
  101  6:38  Overlord  
  101  6:39  Overlord x2  
  103  6:49  Overlord x3  
  103  6:50  Drone  
  103  6:51  Drone  
  103  6:52  Drone x2  
  106  6:56  Baneling x9  
  106  7:02  Zergling x2  
  106  7:03  Zergling x10  
  106  7:06  Centrifical Hooks  
  106  7:07  Overseer  
  112  7:12  Zerg Ground Armor Level 2  
  112  7:21  Zerg Missile Weapons Level 2  
  112  7:22  Overseer  
  112  7:23  Zergling x8  
  112  7:24  Zergling x6  
  116  7:37  Overlord  
  116  7:52  Zergling x20  
  116  7:53  Zergling x4, Hydralisk Den  
  127  8:07  Baneling x11  
  127  8:16  Overlord  
  127  8:19  Infestation Pit  
  126  8:23  Hydralisk x12  
  126  8:27  Muscular Augments  
  150  8:42  Hydralisk x7  
  164  8:54  Drone x3  
  164  8:55  Overlord x2  
  166  8:58  Hydralisk x4  
  166  8:59  Hydralisk  
  176  9:04  Zergling x6  
  176  9:07  Hive  
  178  9:19  Hydralisk x4  
  178  9:23  Overlord  
  178  9:24  Drone x4  
  189  9:26  Extractor  
  189  9:27  Extractor  
  188  9:31  Hydralisk x3  
  194  9:39  Hatchery  
  194  9:43  Zergling x14  
  200  9:48  Overlord  
  200  10:01  Overlord x2  
  200  10:02  Spine Crawler  
  198  10:11  Zergling x6  
  198  10:12  Overlord  
  199  10:24  Zerg Ground Armor Level 3, Ultralisk Cavern  
  199  10:25  Zerg Melee Weapons Level 1  
  197  10:42  Baneling  
  197  10:43  Baneling x15  
  182  10:59  Zergling x2  
  182  11:00  Zergling x48  
  178  11:07  Adrenal Glands  
  178  11:09  Zergling x2  
  178  11:10  Zergling x2  
  177  11:19  Zergling x8  
  177  11:24  Chitinous Plating  
  181  11:27  Ultralisk x3  
  181  11:28  Drone  
  200  12:14  Spore Crawler  
  182  12:23  Ultralisk x3  
  191  12:31  Zergling x2  
  191  12:32  Zergling x24  
  191  12:51  Viper  
  191  12:52  Viper  
  191  12:55  Spire  
  196  13:08  Zerg Melee Weapons Level 2  
  196  13:18  Viper  
  199  13:21  Extractor x2, Drone x2  
  189  13:50  Viper x2  
  189  13:54  Zergling x20  
  200  14:01  Overseer x3  
  200  14:23  Zergling x2  
  200  14:24  Zergling x44  
  177  14:29  Ultralisk x4  
  177  14:31  Queen  
  199  14:39  Overlord  
  199  14:49  Zergling x26  
  184  14:54  Ultralisk x2  
  184  14:55  Ultralisk  
  191  15:02  Zergling x18  
Tags
 
Add a new tag
Caveats
  • Supply blocks, unpowered buildings, or Contaminate may cause inaccurate times.
  • Supply counts are checked every 10 seconds.